 Dungeon Crawl Stone Soup version 0.27.1-34-g3ba077fa99 (webtiles) character file.

Game seed: 15097836554807780851

152 Mitsuki the Caller (level 5, -1/28 HPs)
             Began as a Deep Elf Summoner on Jan 7, 2022.
             Slain by an ufetubus (3 damage)
             ... on level 3 of the Dungeon.
             The game lasted 00:13:30 (4409 turns).

Mitsuki the Caller (Deep Elf Summoner)              Turns: 4409, Time: 00:13:31

Health: -1/28      AC:  3    Str:  6    XL:     5   Next: 11%
Magic:  5/13       EV: 13    Int: 20    God:
Gold:   100        SH:  0    Dex: 15    Spells: 6/12 levels left

rFire    . . .     SeeInvis .   g - +1 whip (pain)
rCold    + . .     Faith    .   (no shield)
rNeg     . . .     Spirit   .   a - +0 robe
rPois    .         Reflect  .   b - +0 helmet
rElec    .         Harm     .   (no cloak)
rCorr    .         Rampage  .   (no gloves)
Will     .....                  (no boots)
Stlth    ++........             (no amulet)
HPRegen  0.09/turn              j - ring of protection from cold
MPRegen  0.13/turn              (no ring)

@: no status effects
A: no striking features
a: no special abilities


You were on level 3 of the Dungeon.
You visited 1 branch of the dungeon, and saw 4 of its levels.

You collected 100 gold pieces.

Inventory:

Hand Weapons
 g - a +1 whip of pain (weapon)
Armour
 a - a +0 robe (worn)
 b - a +0 helmet (worn)
Magical Staves
 d - a staff of fire
Jewellery
 j - a ring of protection from cold (left hand)
Wands
 k - a wand of polymorph (4)
Scrolls
 e - a scroll of enchant weapon {unknown}
 i - a scroll of teleportation {unknown}
Potions
 c - 3 potions of curing {unknown}
 f - a potion of mutation {unknown}
 h - a potion of brilliance {unknown}
 l - a potion of attraction {unknown}


   Skills:
 + Level 3.8 Dodging
 - Level 2.4 Stealth
 + Level 4.3 Spellcasting
 * Level 5.9 Summonings


You had 6 spell levels left.
You knew the following spells:

 Your Spells              Type           Power      Damage    Failure   Level
a - Summon Small Mammal   Summ           100%       N/A       1%          1
b - Call Imp              Summ           28%        N/A       1%          2
c - Call Canine Familiar  Summ           28%        N/A       3%          3

Your spell library contained the following spells:

 Spells                   Type           Power      Damage    Failure   Level
 Summon Guardian Golem    Hex/Summ       16%        N/A       11%         3
 Summon Lightning Spire   Summ/Air       16%        N/A       36%         4


Dungeon Overview and Level Annotations

Branches:
Dungeon (4/15)
 Temple: D:4-7

Altars:
Fedhas
Yredelemnul

Shops:
D:2 ?


Message History

The ufetubus misses you. The ufetubus barely misses you.
The ufetubus misses you.
You take 2 damage, and have 8/28 hp.
The ufetubus hits you.
* * * LOW HITPOINT WARNING * * *
The ufetubus hits you but does no damage.
You take 1 damage, and have 7/28 hp.
Casting: Call Imp (safe; 1% risk of failure)
Confirm with . or Enter, or press ? or * to list all spells.
A beastly little devil appears in a puff of flame.
The ufetubus hits you.
* * * LOW HITPOINT WARNING * * *
The ufetubus hits you.
* * * LOW HITPOINT WARNING * * *
The ufetubus hits you.
* * * LOW HITPOINT WARNING * * *
The ufetubus barely misses you.
You take 6 damage, and have 1/28 hp.
MASSIVE DAMAGE!!
You now have 3/13 mp.
You swap places.
The ufetubus hits your crimson imp but does no damage.
The ufetubus hits your crimson imp.
Your crimson imp hits the ufetubus but does no damage.
There is an open door here.
The ufetubus closely misses your crimson imp.
The ufetubus barely misses your crimson imp.
The ufetubus closely misses your crimson imp.
The ufetubus misses your crimson imp.
Your crimson imp hits the ufetubus.
The ufetubus misses your crimson imp.
The ufetubus closely misses your crimson imp.
Your crimson imp blinks!
Your crimson imp blinks!
You swap places.
The ufetubus closely misses your crimson imp.
The ufetubus hits your crimson imp.
Your crimson imp misses the ufetubus.
The ufetubus closely misses your crimson imp. x2
Your crimson imp blinks!
The ufetubus misses you. The ufetubus closely misses you.
Your crimson imp blinks!
The ufetubus hits you.
You die...

##.......##+###.# ###'####
#.....#.##.....# #......#
##....#.##..#### #......#
#....#.##...###### #......#####
#....#.##.#.#....# ###.........
#....#.##.#......# #5.#######
#....#.##.##.....# #§.######
###.)..#+##.##.....#####..#<...##
................@5....§...##♣♣.P♣
........(...###..#######.## ♣≈≈.♣
........)...# #..........# ♣♣≈≈♣
............# #...#####..# ♣..♣♣
............# #.....# #.♣♣♣♣♣♣≈.♣
............# #[....# #.≈.♣♣P.≈≈P
............# #.....# #..≈÷≈≈≈≈≈≈
.##########.# #.##'## ##≈♣≈≈P≈≈.♣
.##########.# #.##.## #♣♣♣♣♣P.P♣


You could see an ufetubus.

Vanquished Creatures
  2 adders
  2 ball pythons
  2 endoplasms (D:1)
  A giant cockroach (D:1)
  2 hobgoblins (D:2)
  A jackal (D:1)
  A quokka (D:1)
  A bat (D:1)
  2 frilled lizards
  A kobold (D:1)
  2 rats
17 creatures vanquished.

Vanquished Creatures (collateral kills)
  A centaur skeleton (D:3)
  Ijyb (D:3)
  A scorpion zombie (D:3)
  A hound zombie (D:3)
  3 gnolls (D:2)
  4 adders
  A worm (D:2)
  2 dart slugs
  5 ball pythons
  3 bats
  4 endoplasms
  A giant cockroach (D:2)
  4 goblins
  5 hobgoblins
  9 jackals (D:1)
  A quokka (D:2)
  3 frilled lizards
  5 kobolds
  5 rats
59 creatures vanquished.

Vanquished Creatures (others)
  2 fungi
  2 plants
4 creatures vanquished.

Grand Total: 80 creatures vanquished

Notes
Turn   | Place    | Note
-------+----------+-------------------------------------------
     0 | D:1      | Mitsuki the Deep Elf Summoner began the quest for the Orb.
     0 | D:1      | Reached XP level 1. HP: 10/10 MP: 6/6
   602 | D:1      | Reached XP level 2. HP: 15/15 MP: 6/8
  1807 | D:2      | Reached skill level 5 in Summonings
  1811 | D:2      | Reached XP level 3. HP: 14/19 MP: 5/10
  1937 | D:2      | Found Gido's Magic Scroll Emporium.
  1994 | D:2      | Found a basalt altar of Yredelemnul.
  2181 | D:2      | Found a faded altar of an unknown god.
  2471 | D:2      | Learned a level 2 spell: Call Imp
  2475 | D:2      | Learned a level 3 spell: Call Canine Familiar
  2797 | D:3      | Reached XP level 4. HP: 24/24 MP: 11/11
  3464 | D:3      | Noticed Ijyb
  3474 | D:3      | Killed Ijyb
  3550 | D:3      | Found a blossoming altar of Fedhas.
  3731 | D:3      | Found a basalt altar of Yredelemnul.
  3737 | D:3      | Reached XP level 5. HP: 15/28 MP: 13/13
  4393 | D:3      | HP: 1/28 [ufetubus (2)]
  4409 | D:3      | Slain by an ufetubus

Illustrated notes

Levels and vault maps discovered:
D:1:      dpeg_arrival_water_fire, layout_basic
D:2:      layout_rooms, basic_altar, serial_shops, nicolae_shop_waterfront,
          shapermc_ecumenical_altar_mp_ritualfount
D:3:      layout_basic, lemuel_zombie_altar_yredelemnul, fedhas_altar_3,
          serial_bayou_crossing, uniq_ijyb
D:4:      layout_cave_pools, lemuel_tele_altar, mainiacjoe_overflow_alcove_1,
          uniq_edmund, uniq_robin

Skill      XL: |  1  2  3  4 |
---------------+-------------+-----
Summonings     | 5 |  5.9
Dodging        | 3 |  3.8
Spellcasting   | 4 |  4.3
Stealth        | |  2.4

Action                   |  1- 3 |  4- 6 || total
-------------------------+-------+-------++-------
Melee: Dagger            |    83 |       ||    83
       Whip              |    10 |    39 ||    49
 Cast: Summon Small Mamm |    71 |       ||    71
       Call Imp          |     1 |    24 ||    25
       Call Canine Famil |     1 |     2 ||     3
 Stab: Sleeping          |     4 |     2 ||     6
       Distracted        |       |     1 ||     1
Armor: Robe              |    39 |    12 ||    51
Dodge: Dodged            |   120 |    61 ||   181
